 Dungeon Crawl Stone Soup version 0.29-a0-563-g64e4043184 (webtiles) character file.

Game seed: 17941774839455952191

645 greenreed the Cudgeller (level 8, -5/67 HPs)
             Began as a Meteoran Fighter on June 11, 2022.
             Slain by an orc warrior
             ... wielding a +0 war axe
              (14 damage)
             ... on level 7 of the Dungeon.
             The game lasted 00:09:32 (1196 turns).

greenreed the Cudgeller (Meteoran Fighter)          Turns: 1196, Time: 00:09:33

Health: -5/67      AC: 10    Str: 19    XL:     8   Next: 9%
Magic:  9/9        EV:  9    Int: 11    God:
Gold:   71         SH:  5    Dex: 13    Spells: 7/7 levels left

rFire   . . .      SeeInvis .   q - +1 flail (venom)
rCold   . . .      Faith    .   c - +0 buckler
rNeg    . . .      Spirit   .   b - +0 scale mail
rPois   .          Reflect  .   (no helmet)
rElec   .          Harm     .   k - +0 cloak
rCorr   .          Rampage  .   (no gloves)
Will    +....                   m - +0 pair of boots
Stlth   ..........              (no amulet)
HPRegen 0.21/turn               (no ring)
MPRegen 0.11/turn               (no ring)

@: glowing
A: sense surroundings 1, otherworldly, glowing, explore regen
a: no special abilities


You were on level 7 of the Dungeon.
You visited 1 branch of the dungeon, and saw 7 of its levels.

You collected 71 gold pieces.

Inventory:

Hand Weapons
 a - a +0 flail
 q - a +1 flail of venom (weapon)
Missiles
 l - 16 poisoned darts (quivered)
Armour
 b - a +0 scale mail (worn)
 c - a +0 buckler (worn)
 k - a +0 cloak (worn)
 m - a +0 pair of boots (worn)
 p - an orb of energy
Scrolls
 d - 2 scrolls of fear {unknown}
 g - a scroll of noise {unknown}
 h - a scroll of immolation {unknown}
 n - a scroll of teleportation {unknown}
 t - a scroll of enchant weapon {unknown}
Potions
 e - a potion of magic {unknown}
 f - 2 potions of curing {unknown}
 i - a potion of berserk rage {unknown}
 j - a potion of mutation {unknown}
 o - a potion of heal wounds {unknown}
 r - a potion of brilliance {unknown}
 s - a potion of resistance {unknown}


   Skills:
 + Level 4.5 Fighting
 + Level 7.2 Maces & Flails
 + Level 6.1 Armour
 + Level 1.3 Dodging
 + Level 4.7 Shields
 + Level 1.3 Evocations


You had 7 spell levels left.
You didn't know any spells.
Your spell library contained the following spells:

 Spells                   Type           Power      Damage    Failure   Level
 Shock                    Conj/Air       0%         1d3       77%         1
 Summon Small Mammal      Summ           0%         N/A       77%         1
 Call Canine Familiar     Summ           0%         N/A       98%         3
 Summon Guardian Golem    Hex/Summ       0%         N/A       98%         3
 Swiftness                Air            0%         N/A       98%         3
 Airstrike                Air            0%         N/A       100%        4


Dungeon Overview and Level Annotations

Branches:
Dungeon (7/15)
 Temple: D:4-7

Altars:

Shops:
D:7 (

Annotations:
D:6 Menkaure


Innate Abilities, Weirdness & Mutations

You passively map a small area around you.
You are easily found by Zot.
You glow in the dark.
You regain HP and MP as you explore.


Message History

You hit the wight.
The wight is lightly damaged.
The orc warrior hits you but does no damage.
An orc comes into view. It is wielding a +0 hand axe.
The wight hits you but does no damage.
You barely miss the wight.
The wight is lightly damaged.
The orc shouts!
The orc warrior hits you with a +0 war axe!!
An orc comes into view. It is wielding a +0 dagger.
The wight misses you.
The orc shouts!
You hit the wight.
The wight is heavily damaged.
You block the orc warrior's attack. The wight hits you with a +0 battleaxe.
You hit the orc warrior but do no damage.
The orc warrior closely misses you. The wight barely misses you.
You sock the wight!
You destroy the wight!
The orc warrior barely misses you.
The orc warrior hits you with a +0 war axe!
* * * LOW HITPOINT WARNING * * *
You hit the orc warrior but do no damage.
The orc warrior is poisoned.
The orc warrior hits you with a +0 war axe.
* * * LOW HITPOINT WARNING * * *
You hit the orc warrior but do no damage.
The orc warrior looks as sick as possible!
You block the orc warrior's attack.
The orc warrior attacks as you move away!
You block the orc warrior's attack.
Things that are here:
a +0 battleaxe; a +0 robe You barely miss the orc warrior.
The orc warrior is moderately wounded.
The orc warrior hits you with a +0 war axe.
* * * LOW HITPOINT WARNING * * *
The orc warrior attacks as you move away!
The orc warrior hits you with a +0 war axe!
You die...

#..# #..##....# ,
#..###.......#, ,
#.......##.......
,
#......)#*#......
,, ,,, #.[.....#
...... ,
#.......# ....!
#>......# * .....
* #.......# ,
.... #######@#
*,,.... #o# , , *
, #o## , ,* #o.#
* ,* * ##.## **
#####,
###..#####....
#........$.#
#.......<#####..
#.......†#.....#,


You could see an orc warrior (extremely poisoned) and 2 orcs.

Vanquished Creatures
  An ogre (D:6)
  A kobold brigand (D:6)
  A bullfrog (D:7)
  2 necrophages (D:6)
  A wight (D:7)
  A gnoll shaman (D:6)
  A hound (D:6)
  Ijyb (D:4)
  An iguana (D:4)
  5 adders
  7 gnolls
  2 white imps
  2 worms
  5 orcs
  4 bats
  5 endoplasms
  A giant cockroach (D:1)
  4 hobgoblins
  A quokka (D:3)
  3 goblins
  8 kobolds
  4 rats
61 creatures vanquished.

Vanquished Creatures (others)
  2 plants
2 creatures vanquished.

Grand Total: 63 creatures vanquished

Notes
Turn   | Place    | Note
-------+----------+-------------------------------------------
     0 | D:1      | greenreed the Meteoran Fighter began the quest for the Orb.
     0 | D:1      | Reached XP level 1. HP: 19/19 MP: 2/2
    31 | D:1      | Reached XP level 2. HP: 26/26 MP: 3/3
   289 | D:2      | Reached skill level 3 in Maces & Flails
   289 | D:2      | Reached XP level 3. HP: 30/31 MP: 4/4
   384 | D:3      | Reached XP level 4. HP: 17/38 MP: 5/5
   479 | D:4      | Noticed a phantom
   585 | D:4      | Noticed Ijyb
   596 | D:4      | Killed Ijyb
   597 | D:4      | Reached skill level 4 in Maces & Flails
   597 | D:4      | Reached XP level 5. HP: 39/46 MP: 6/6
   662 | D:4      | HP: 2/46 [gnoll/+0 flail (5)]
   669 | D:4      | Reached skill level 5 in Armour
   679 | D:5      | Entered Level 5 of the Dungeon
   702 | D:5      | Reached XP level 6. HP: 24/52 MP: 7/7
   712 | D:5      | Noticed a black bear
   753 | D:6      | Reached skill level 5 in Maces & Flails
   753 | D:6      | Reached skill level 1 in Dodging
   767 | D:6      | Noticed an ogre
   791 | D:6      | Killed an ogre
   792 | D:6      | Reached XP level 7. HP: 47/59 MP: 8/8
   807 | D:6      | Reached skill level 6 in Maces & Flails
   823 | D:6      | Reached skill level 1 in Evocations
  1100 | D:6      | Noticed Menkaure
  1128 | D:6      | HP: 3/60 [bullfrog (6)]
  1133 | D:7      | Reached skill level 7 in Maces & Flails
  1166 | D:7      | Found Hialu's Weapon Emporium.
  1186 | D:7      | Reached XP level 8. HP: 50/67 MP: 9/9
  1196 | D:7      | Slain by an orc warrior

Illustrated notes

Levels and vault maps discovered:
D:1:      tarquinn_simple_flora_water_f, layout_rooms, minmay_tiny_reverse_x
D:2:      layout_basic, serial_forest, infiniplex_forest_clump_tiny,
          infiniplex_forest_lined_room_2, infiniplex_forest_straight_2,
          infiniplex_forest_corner_1, infiniplex_forest_clump_double,
          infiniplex_forest_lined_corner, infiniplex_forest_lined_room_
D:3:      layout_basic, shapermc_ecumenical_altar_flowoftime, st_stairs_9,
          serial_park_tiny_2, serial_bayou_pond_a
D:4:      layout_loops_ring, uniq_crazy_yiuf_cottage, uniq_eustachio, uniq_ijyb
D:5:      cheibrodos_quashed, layout_basic, minmay_temple_entry_wispy,
          serial_shops, shop
D:6:      layout_basic, uniq_menkaure
D:7:      layout_rooms, mainiacjoe_overflow_small_starburst, serial_shops,
          nicolae_lakefront_shop, shop, nicolae_shop_advertising_works
          [nicolae_subvault_shop_adworks], shop, shop, the_hattery

Skill      XL: |  1  2  3  4  5  6  7 |
---------------+----------------------+-----
Armour         | 4 5 6 |  6.1
Maces & Flails | 3 4 5 7 |  7.2
Shields        | 4 |  4.7
Fighting       | 4 |  4.5
Dodging        | 1 |  1.3
Evocations     | 1 |  1.3

Action                   |  1- 3 |  4- 6 |  7- 9 || total
-------------------------+-------+-------+-------++-------
Melee: Flail             |    65 |   101 |    82 ||   248
Evoke: Wand              |       |     5 |     3 ||     8
  Use: Potion            |       |       |     1 ||     1
 Stab: Paralysed         |       |     8 |       ||     8
Armor: Scale mail        |    38 |    43 |    32 ||   113
Dodge: Dodged            |    33 |    46 |    29 ||   108
Block: Buckler           |    17 |    23 |    17 ||    57

Table legend: (Time is in decaauts)
 A = Elapsed time spent in this place.
 B = Non-inter-level travel time spent in this place.
 C = Inter-level travel time spent in this place.
 D = Time resting spent in this place.
 E = Time spent auto-exploring this place.
 F = Levels seen in this place.
 G = Mean time per level.
                   A        B        C        D        E       F      G
               +--------+--------+--------+--------+--------+-----+--------+
         Total |   1248 |   1199 |     49 |      0 |    394 |   7 |  178.3 |
       Dungeon |   1248 |   1199 |     49 |      0 |    394 |   7 |  178.3 |
               +--------+--------+--------+--------+--------+-----+--------+

Top non-repeatable levels by time:
     D:6: 419 daAuts
     D:2: 269 daAuts
     D:3: 228 daAuts
     D:4: 141 daAuts
     D:1: 76 daAuts
     D:7: 68 daAuts
     D:5: 44 daAuts
